[Event "*** Titled Tuesday 3|2 Blitz"]
[Site "Chess.com"]
[Date "2016.09.06"]
[Round "5"]
[White "Iuri_Shkuro"]
[Black "Zhani-Z"]
[Result "0-1"]
[WhiteElo "2473"]
[BlackElo "2278"]
[TimeControl "180+2"]
[EndTime "12:03:40 PDT"]
[Termination "Zhani-Z won by checkmate"]

1. e4 e5 2. Nf3 Nc6 3. Nc3 Nf6 4. a3 d5 5. Bb5 Nxe4 6. O-O Nxc3 7. dxc3 Bd6 8. Qxd5 O-O 9. Bg5 Qe8 10. Rfe1 Be6 11. Qd2 f6 12. Be3 Qh5 13. Qe2 e4 14. Bc4 Rae8 15.
Bf4 Bxf4 16. Qxe4 Be5 17. Bxe6+ Rxe6 18. Qc4 Qf7 19. Qb5 b6 20. g3 Rfe8 21. Nh4 Nd8 22. Rad1 Bd6 23. Rxe6 Qxe6 24. Nf5 Nf7 25. Ne3 Ne5 26.
Kg2 Qd7 27. Qd5+ Qf7 28. Qb5 Bc5 29. Nd5 c6 30. Qe2 cxd5 31. b4 Bf8 32. Kg1 Nc4 33.
Qd3 Rd8 34. Qd4 Ne5 35. Kg2 Qh5 36. h3 Qf3+ 37. Kg1 Rc8 38. Qxd5+ Qxd5 39. Rxd5 Rxc3 40.
f4 Nc4 41. Rd7 a5 42. bxa5 bxa5 43. Rc7 Rxc2 44. g4 Bd6 45. Rd7 Bxf4 46. Kf1 Bg3 47. h4 Ne3+ 48. Kg1 Nxg4 49. h5 Bf2+ 50. Kf1 Ne3# 0-1

[Event "*** Titled Tuesday 3|2 Blitz"]
[Site "Chess.com"]
[Date "2016.09.06"]
[Round "5"]
[White "DeviatkinAndrey"]
[Black "Alexander_Donchenko"]
[Result "1-0"]
[WhiteElo "2617"]
[BlackElo "2503"]
[TimeControl "180+2"]
[EndTime "12:03:43 PDT"]
[Termination "DeviatkinAndrey won by resignation"]

1. e4 c5 2. c3 d5 3. exd5 Qxd5 4. d4 g6 5. dxc5 Qxc5 6. Be3 Qc7 7. Bxa7 Nc6 8. Be3 Nf6 9. h3 Bg7 10. Nf3 O-O 11. Be2 Rd8 12. Qc1 Nd5 13. O-O Nxe3 14. Qxe3 e5 15. Na3 h6 16. Nb5 Qe7 17. a3 Be6 18. Rfd1 f5 19. Rxd8+ Rxd8 20. Rd1 Rxd1+ 21. Bxd1 Kh7 22. Be2 f4 23. Qe4 Bf5 24. Qd5 e4 25. Nfd4 Nxd4 26. Nxd4 Bc8 27. Bc4 Qe8 28. Ne6 Bxe6 29.
Qxe6 Qxe6 30. Bxe6 b6 31. Kf1 Bf8 32. Ke2 Bc5 33. Bd5 e3 34. b4 Bd6 35. fxe3 Be5 36. exf4 Bxc3 37. Kd3 Be1 38. g4 Kg7 39. Be4 Kf6 40. Kc4 Bd2 41. f5 gxf5 42. Bxf5 Kg5 43. Bd7 Kh4 44. Kb5 Be3 45. a4 Kxh3 46. g5+ Kh4 47.
gxh6 Bxh6 48. Kxb6 1-0

[Event "*** Titled Tuesday 3|2 Blitz"]
[Site "Chess.com"]
[Date "2016.09.06"]
[Round "5"]
[White "WinnieTPooh"]
[Black "talaicito"]
[Result "0-1"]
[WhiteElo "1829"]
[BlackElo "1994"]
[TimeControl "180+2"]
[EndTime "12:04:02 PDT"]
[Termination "talaicito won by resignation"]

1. d4 e6 2. c4 f5 3. g3 Nf6 4.
Bg2 Be7 5. Nf3 d6 6. O-O O-O 7. Nc3 Ne4 8. Qc2 Nxc3 9. Qxc3 a5 10. b3 Bf6 11. Bb2 Nc6 12. Rad1 Qe8 13. Rfe1 e5 14.
dxe5 dxe5 15. e4 f4 16. Rd2 Be7 17. c5 Bf6 18. Red1 g5 19. Bf1 g4 20. Ne1 Nd4 21. gxf4 Qh5 22. f5 Bg5 23. Rxd4 Bf4 24. h3 gxh3 25.
Rd8 Qg5+ 26. Kh1 Rxd8 27. Rxd8+ Qxd8 28. Bxh3 Bd7 29. Nd3 Qh4 30. Nxf4 Qxf4 31. Qxe5 Qxe5 32. Bxe5 Bc6 33. f3 Rc8 34. f6 Re8 35. Bxc7 Kf7 36.
e5 Bxf3+ 37. Kh2 Bd5 38. Kg3 Be6 39. Bg2 Rg8+ 40. Kf2 Bc8 41. Bd5+ Be6 42. Bxb7 h5 43. Bxa5 h4 44. c6 Bd5 45. Bc8 Rxc8 46. c7 Rg8 47.
Bd2 h3 48. Bf4 Be6 49. Ke3 Ra8 50. a4 Bxb3 51. Kd4 0-1

[Event "*** Titled Tuesday 3|2 Blitz"]
[Site "Chess.com"]
[Date "2016.09.06"]
[Round "5"]
[White "nihalsarin"]
[Black "IamSchrodingersCat"]
[Result "1/2-1/2"]
[WhiteElo "2402"]
[BlackElo "2278"]
[TimeControl "180+2"]
[EndTime "12:04:05 PDT"]
[Termination "Game drawn - insufficient material"]

1. e4 c5 2. Nf3 d6 3. d4 cxd4 4.
Nxd4 Nf6 5. Nc3 g6 6. Be3 Bg7 7. f3 O-O 8. Qd2 Nc6 9. O-O-O d5 10. Kb1 Nxd4 11. e5 Nf5 12. exf6 exf6 13. Nxd5 Nxe3 14. Qxe3 f5 15. Bc4 Be6 16. Bb3 Bxd5 17. Bxd5 Qc7 18.
h4 h5 19. Qg5 Rad8 20. Bb3 Rxd1+ 21. Rxd1 Kh7 22. c3 Re8 23. Qd2 Re7 24. a4 Bf6 25. Ka2 Kg7 26. Qf2 b6 27. Rg1 Qf4 28. g3 Qe5 29. g4 fxg4 30. fxg4 hxg4 31. Rxg4 a5 32.
Rf4 Rc7 33. h5 gxh5 34. Rf5 Qd6 35. Rxf6 Qxf6 36. Qg3+ Kf8 37. Qxc7 h4 38. Bd5 Qf2 39. Kb3 Kg7 40. Qe5+ Kf8 41. Qg5 Ke8 42. Bc6+ Kf8 43. Kc4 h3 44. Qh6+ Ke7 45. Qxh3 Qc5+ 46. Kb3 Qxc6 47. Qe3+ Qe6+ 48. Qxe6+ fxe6 49. Kc4 Kd6 50. Kd4 e5+ 51. Ke4 Ke6 52. b4 axb4 53. cxb4 Kd6 54. a5 bxa5 55. bxa5 Kc5 56. Kxe5 Kb5 57. Kd5 Ka6 58.
Kc5 Kxa5 1/2-1/2

[Event "*** Titled Tuesday 3|2 Blitz"]
[Site "Chess.com"]
[Date "2016.09.06"]
[Round "5"]
[White "Mepetmepe"]
[Black "OparinGrigoriy"]
[Result "1/2-1/2"]
[WhiteElo "2361"]
[BlackElo "2590"]
[TimeControl "180+2"]
[EndTime "12:04:10 PDT"]
[Termination "Game drawn by repetition"]

1. d4 Nf6 2. c4 e6 3. Nc3 Bb4 4. Qc2 O-O 5. a3 Bxc3+ 6. Qxc3 d5 7. Bg5 dxc4 8. e3 b5 9. Nf3 Bb7 10. Be2 a6 11. Qc2 Nbd7 12. O-O h6 13. Bh4 c5 14. Rfd1 cxd4 15. Rxd4 Qe7 16. Rad1 Nc5 17. Ne5 Rfd8 18. Ng4 Nd3 19. Bxd3 cxd3 20. Qxd3 Rxd4 21. Qxd4 e5 22. Qxe5 Qxe5 23. Nxe5 Nd5 24. Nd3 Rc8 25. Rc1 Rxc1+ 26. Nxc1 f6 27. Bg3 Kf7 28. Kf1 Ke6 29. Ke2 Nb6 30. f3 Nc4 31. Nd3 Bc8 32. Be1 Kd5 33. Bc3 Nb6 34. Nf4+ Kc4 35. Nh5 Na4 36. Bd4 Kb3 37.
Nxg7 Nxb2 38. Bxf6 Nc4 39. e4 Kxa3 40. e5 Kb3 41. e6 a5 42. e7 Bd7 43. e8=Q Bxe8 44. Nxe8 a4 45. Nc7 b4 46. Nb5 a3 47. Nxa3 bxa3 48.
Kd1 Nb2+ 49. Kc1 Nd3+ 50. Kd2 Nb2 51. Kc1 Nd3+ 52. Kd2 Nb2 53. Kc1 Nd3+ 54. Kd2 Nb2 55. Kc1 Nd3+ 1/2-1/2

[Event "*** Titled Tuesday 3|2 Blitz"]
[Site "Chess.com"]
[Date "2016.09.06"]
[Round "5"]
[White "mwpchess"]
[Black "Aygehovit1992"]
[Result "0-1"]
[WhiteElo "2432"]
[BlackElo "2413"]
[TimeControl "180+2"]
[EndTime "12:04:13 PDT"]
[Termination "Aygehovit1992 won on time"]

1. e4 d6 2. d4 g6 3. Nf3 Bg7 4.
c3 Nc6 5. d5 Ne5 6. Nxe5 Bxe5 7. Bb5+ Bd7 8. Qa4 h5 9. Bxd7+ Qxd7 10.
Qxd7+ Kxd7 11. Be3 h4 12. Nd2 Nf6 13. f3 Nh5 14. a4 a6 15. Nc4 Bf4 16. a5 Bxe3 17. Nxe3 Nf4 18. Rd1 b5 19. Kf2 Rab8 20. Nc2 g5 21. h3 Ng6 22. Nb4 Ra8 23. Nc6 Rhf8 24. Rhe1 e5 25. b3 f5 26. c4 bxc4 27. bxc4 g4 28.
exf5 g3+ 29. Kf1 Rxf5 30. Re4 Rf4 31. Rxf4 Nxf4 32. Rd2 Rf8 33. Rb2 e4 34. Nb8+ Kd8 35. Nxa6 exf3 36. Rb8+ Ke7 37. Rxf8 fxg2+ 38. Kg1 Kxf8 39.
Nxc7 Nxh3+ 40. Kxg2 Nf4+ 41. Kf3 Ke7 42. a6 g2 43. a7 g1=Q 44. a8=Q Qg3+ 45. Ke4 Ng6 46.
Qe8+ Kf6 47. Qe6+ Kg5 48. Qf5+ Kh6 49. Ne6 Qe1+ 50. Kd3 Qb1+ 0-1

[Event "*** Titled Tuesday 3|2 Blitz"]
[Site "Chess.com"]
[Date "2016.09.06"]
[Round "5"]
[White "Baggio95"]
[Black "Abdodi"]
[Result "0-1"]
[WhiteElo "2311"]
[BlackElo "1973"]
[TimeControl "180+2"]
[EndTime "12:04:30 PDT"]
[Termination "Abdodi won by resignation"]

1. e4 c6 2. d4 d5 3. Nc3 dxe4 4. Nxe4 Nf6 5. Nxf6+ exf6 6. c3 Bd6 7. Bd3 O-O 8.
Qc2 Re8+ 9. Ne2 g6 10. h4 Bg4 11.
Be3 Bxe2 12. Bxe2 f5 13. Kf1 f4 14. Bd2 h5 15. Bf3 Nd7 16. Re1 Nf6 17. Re2 Qd7 18.
Qd3 Rxe2 19. Bxe2 Re8 20. Bf3 Qe6 21. c4 Ne4 22. Bxe4 Qxe4 23. Qxe4 Rxe4 24. Bc3 c5 25. f3 Re3 26. d5 a6 27. a4 Kf8 28. Kf2 Ke8 29. Re1 Rxe1 30. Bxe1 Kd7 31. Ke2 Ke7 32. Kd3 f5 33. Bc3 Kd7 34. Bf6 Ke8 35. Bg5 Kd7 36. Bf6 Ke8 37. Bc3 Be7 38. Be1 Kd7 39. Bf2 Bd6 40. b4 cxb4 41. c5 Be5 42. Kc4 a5 43. Be1 Bf6 44. Bd2 Bxh4 45. Kb5 Bf6 46. c6+ bxc6+ 47. dxc6+ Kc8 48. Kc4 Kc7 49. Kc5 b3 0-1

[Event "*** Titled Tuesday 3|2 Blitz"]
[Site "Chess.com"]
[Date "2016.09.06"]
[Round "5"]
[White "Maitreia"]
[Black "roldieyi"]
[Result "1-0"]
[WhiteElo "2402"]
[BlackElo "2225"]
[TimeControl "180+2"]
[EndTime "12:04:30 PDT"]
[Termination "Maitreia won on time"]

1. c4 Nf6 2. g3 e6 3. Bg2 d5 4. Nf3 Be7 5. O-O O-O 6. b3 b6 7. Bb2 Bb7 8. e3 c5 9. Nc3 dxc4 10. bxc4 Nbd7 11. Qe2 a6 12. Rfd1 e5 13. d3 Qc7 14.
a4 Bc6 15. e4 Rfe8 16. Nd5 Bxd5 17. exd5 Bd6 18. Nd2 Qb7 19. Ne4 Nxe4 20. Bxe4 Nf6 21.
Bg2 b5 22. axb5 axb5 23. Rxa8 Qxa8 24. cxb5 Qa5 25. Re1 Qxb5 26. Bc3 h6 27. h4 Qb3 28. Qb2 Qxb2 29. Bxb2 Nd7 30. f4 Kf8 31. Bh3 Nf6 32. fxe5 Nxd5 33. Kf2 Nb4 34. Bf1 Bc7 35. d4 cxd4 36. Bxd4 Kg8 37. Bb5 Rb8 38. Ba4 Ra8 39.
Bb5 Rb8 40. Bf1 Nc2 41. Rc1 Nxd4 42. Rxc7 Rb2+ 43. Ke3 Nf5+ 44. Kf3 Rb3+ 45. Kf4 Nxg3 46. Bc4 Rb4 47. Kxg3 Kh7 48. Bxf7 Rc4 49. Bxc4 1-0

[Event "*** Titled Tuesday 3|2 Blitz"]
[Site "Chess.com"]
[Date "2016.09.06"]
[Round "5"]
[White "ilya261991"]
[Black "E-Shaposhnikov"]
[Result "1-0"]
[WhiteElo "2488"]
[BlackElo "2652"]
[TimeControl "180+2"]
[EndTime "12:04:32 PDT"]
[Termination "ilya261991 won by resignation"]

1. d4 Nf6 2. c4 e6 3. Nc3 Bb4 4. e3 c5 5. Bd3 Nc6 6. Nf3 Bxc3+ 7. bxc3 d6 8. O-O e5 9. d5 Ne7 10. e4 h6 11. Ne1 g5 12. Rb1 Ng6 13.
Nc2 Nf4 14. Ne3 Kf8 15. Bc2 h5 16. g3 Nh3+ 17. Kg2 h4 18. f3 Nh5 19. Nf5 hxg3 20. hxg3 N5f4+ 21. Bxf4 gxf4 22. Rh1 Qg5 23. g4 Bxf5 24.
exf5 Qh6 25. Rh2 Kg7 26. Qh1 Qf6 27. Rxh3 Rxh3 28. Qxh3 Rh8 29. g5 Qxg5+ 30. Qg4 Qxg4+ 31. fxg4 b6 32. Be4 Kf6 33. Rh1 Rxh1 34. Kxh1 Kg5 35.
Bf3 e4 36. Bxe4 Kxg4 37. Kg2 f6 38. Kf2 f3 39. Bc2 Kf4 40. Bd3 Kg4 41. Be4 Kf4 42. Bxf3 Kxf5 43. Ke3 Kg5 44. Bd1 Kf5 45. Bc2+ Kg4 46.
Bd1+ Kf5 47. Kf3 Ke5 48. Bc2 b5 49. cxb5 Kxd5 50. a4 Kc4 51. Bd1 Kd5 52. Ke3 c4 53. Bf3+ Kc5 54. Ke4 d5+ 55. Ke3 f5 56. Bg2 f4+ 57.
Kxf4 d4 58. cxd4+ Kxd4 59. a5 c3 60. Be4 Kc5 61. b6 axb6 62. a6 c2 63. Bxc2 Kc6 64.
Be4+ 1-0

[Event "*** Titled Tuesday 3|2 Blitz"]
[Site "Chess.com"]
[Date "2016.09.06"]
[Round "5"]
[White "FearlessKing64"]
[Black "SCIM"]
[Result "1/2-1/2"]
[WhiteElo "2319"]
[BlackElo "2258"]
[TimeControl "180+2"]
[EndTime "12:04:47 PDT"]
[Termination "Game drawn by agreement"]

1. e4 c5 2. Nf3 e6 3. c4 Nc6 4. Nc3 Nf6 5. Be2 g5 6. h3 h6 7.
d4 cxd4 8. Nxd4 Bc5 9. Be3 Bxd4 10. Bxd4 e5 11. Be3 d6 12. Nb5 Ke7 13. Nc3 Be6 14.
Qd2 Rc8 15. O-O-O a6 16. Kb1 Qc7 17. f3 Na5 18. b3 b5 19. Nd5+ Bxd5 20. cxd5 Nb7 21.
h4 g4 22. Rc1 Qa5 23. Bxh6 Qxd2 24. Bxd2 Rxc1+ 25. Bxc1 gxf3 26. gxf3 Nh5 27. Rg1 Nc5 28. Bg5+ f6 29. Be3 Nd7 30. Kb2 Nf4 31. Bxf4 exf4 32.
Rh1 Rh5 33. a4 bxa4 34. bxa4 a5 35. Kc3 Nc5 36. Bd1 f5 37. exf5 Kf6 38. Kc4 Kxf5 39. Kb5 Ke5 40. Kxa5 Kxd5 41. Kb6 Rh7 42. Bc2 Rb7+ 43.
Ka5 Ra7+ 44. Kb4 Kd4 45. h5 Rb7+ 46. Ka5 Kc3 47. Be4 Nb3+ 48. Ka6 Nc5+ 49. Ka5 Ra7+ 50.
Kb6 Ra6+ 51. Kc7 Rxa4 52. Kxd6 Nxe4+ 53. fxe4 Rxe4 54. h6 Re8 55. h7 Rh8 56. Ke5 f3 57. Ke4 f2 58. Ke3 Rxh7 59. Rf1 Re7+ 60. Kxf2 Kd2 61. Kg2 Rg7+ 62. Kh3 Ke2 63. Rf6 Ke3 64. Kh4 Rg1 65. Kh3 Ke4 66. Kh2 Rg8 67. Rf7 1/2-1/2

[Event "*** Titled Tuesday 3|2 Blitz"]
[Site "Chess.com"]
[Date "2016.09.06"]
[Round "5"]
[White "Alexander_Moskalenko"]
[Black "DanielNaroditsky"]
[Result "1-0"]
[WhiteElo "2644"]
[BlackElo "2758"]
[TimeControl "180+2"]
[EndTime "12:04:49 PDT"]
[Termination "Alexander_Moskalenko won by resignation"]

1. c4 e5 2. g3 Bc5 3. Bg2 Nc6 4. Nc3 a6 5. e3 Ba7 6. Nge2 d6 7. a3 h5 8. h3 h4 9. g4 f5 10. gxf5 Bxf5 11. d3 Nf6 12. b4 Qd7 13. Nd5 Nd8 14. Bb2 c6 15. Ndc3 Rh6 16. d4 Rg6 17. dxe5 dxe5 18. Qxd7+ Nxd7 19. Be4 Rf6 20. Bxf5 Rxf5 21. Ne4 Nf7 22. c5 O-O-O 23. N2c3 Nf6 24. Ke2 Bb8 25. Rhg1 g5 26. Nxf6 Rxf6 27. Ne4 Rg6 28. Rg4 Bc7 29. Rag1 Rdg8 30. Nd2 Nh6 31. Re4 g4 32.
hxg4 Rxg4 33. Rh1 Nf5 34. Kf3 R4g5 35. Bxe5 Bd8 36. Bf4 Rh5 37. Nc4 h3 38. Ke2 Bc7 39. Bxc7 Kxc7 40. Re5 h2 41. Kf1 Rd8 42. Rxf5 Rxf5 43.
Rxh2 Rd1+ 44. Ke2 Rc1 45. Rh7+ Kd8 46. Nd6 Rc2+ 47. Kd3 Rfxf2 48. Nxb7+ Kc8 49. Nd6+ Kd8 50. Ra7 Ra2 51. Rxa6 Kd7 52. Ke4 Rfe2 53. Nc4 Kc7 54. Ne5 Kb7 55. Rb6+ Ka8 56. Nxc6 Rxe3+ 57. Kxe3 Rxa3+ 58.
Ke4 Re3+ 59. Kd5 Rd3+ 60. Nd4 Rh3 61. Kc4 Rh4 62. b5 Ka7 63. Rd6 Rh7 64. Kb4 Ka8 65. b6 Kb7 66. Kb5 Rh5 67. Rd7+ Ka8 68. Ra7+ 1-0

[Event "*** Titled Tuesday 3|2 Blitz"]
[Site "Chess.com"]
[Date "2016.09.06"]
[Round "5"]
[White "Generalas"]
[Black "Usurpov"]
[Result "0-1"]
[WhiteElo "2167"]
[BlackElo "2310"]
[TimeControl "180+2"]
[EndTime "12:04:55 PDT"]
[Termination "Usurpov won by resignation"]

1. e4 c5 2. c3 e6 3. d4 d5 4.
exd5 exd5 5. Nf3 Nf6 6. Be3 cxd4 7. Nxd4 Nc6 8. Bb5 Bd7 9. O-O Bd6 10. Nd2 O-O 11. N2f3 Qc7 12. Bd3 a6 13. Nf5 Bxf5 14. Bxf5 h6 15. h3 Rfe8 16. Re1 Rad8 17. Qa4 Ne4 18.
Rad1 Bf8 19. Nd4 g6 20. Bg4 Ne5 21. Be2 Bg7 22. Bf1 f5 23. Bf4 Qf7 24. f3 Nc5 25.
Qa5 Rc8 26. Nc2 g5 27. Bg3 Nc4 28. Rxe8+ Qxe8 29. Qb4 Qf7 30. Bf2 Ne6 31. Rxd5 b5 32.
Bxc4 Rxc4 33. Qd6 Nf4 34. Rd2 Rc7 35. Ne3 Bf8 36. Qxa6 Ra7 37. Qxb5 Rxa2 38. Qxf5 Ra1+ 39. Kh2 Qb7 40. Ng4 Qc7 41. Bg3 Qc5 42. Qxc5 Bxc5 43.
Bf2 Bd6 44. g3 Bc7 45. Rd7 Ne6 46. Nxh6+ Kf8 47. Kg2 Rb1 48. b4 Rb2 49. Rd3 Bb6 50. Ng4 Ng7 51. Kf1 Bxf2 52. Nxf2 Nf5 53. f4 gxf4 54.
gxf4 Nh4 55. Re3 Nf5 56. Re2 Ng3+ 57. Kg2 Nxe2 58. Kf3 Nxc3 59. Nd3 Rb3 60. Kg4 Nd5 61. Ne5 Rxb4 62. h4 Rxf4+ 0-1

[Event "*** Titled Tuesday 3|2 Blitz"]
[Site "Chess.com"]
[Date "2016.09.06"]
[Round "5"]
[White "ruifeng"]
[Black "viktorskliarov"]
[Result "1/2-1/2"]
[WhiteElo "2347"]
[BlackElo "2441"]
[TimeControl "180+2"]
[EndTime "12:05:07 PDT"]
[Termination "Game drawn by agreement"]

1. e4 c5 2. Nf3 Nc6 3. Bc4 g6 4. d3 Bg7 5. c3 e6 6. O-O Nge7 7. Bf4 d5 8. Bb3 O-O 9. Nbd2 b5 10. Qe2 b4 11.
Rac1 bxc3 12. bxc3 a5 13. Ba4 Ba6 14. Rfd1 e5 15. Bg5 f6 16. Bh4 g5 17. Bg3 Kh8 18. exd5 Qxd5 19. Ne4 c4 20. d4 exd4 21. Nxd4 Ne5 22. Nf5 Nd3 23. Nxe7 Nxc1 24. Rxc1 Qe6 25. Re1 Qxe7 26. Bd6 Qe6 27. Bxf8 Rxf8 28. Nc5 Qxe2 29. Rxe2 Bc8 30. Bb5 f5 31. Na4 Rd8 32. f3 f4 33.
Bxc4 Bf5 34. Kf2 h5 35. Be6 Bg6 36. Bb3 Rc8 37. Bc2 Bf7 38. Bf5 Rc4 39. Re4 Rxe4 40. Bxe4 Bxa2 41. Bd3 Be5 42. Bb5 Kg7 43. c4 Kf6 44. Ke2 Ke6 45. Nc5+ Ke7 46. Ne4 g4 47. fxg4 hxg4 48. Nf2 g3 49. hxg3 fxg3 50. Ne4 Bb1 51. Kf3 Bc2 52. Nxg3 a4 53. Nf5+ Kd8 54. Ne3 Bb3 55.
Bxa4 Bxa4 56. Ke4 Bg3 57. Kf3 Bb8 58. g4 Ke7 59. Ke4 Bc6+ 60. Nd5+ Kd6 61. Kd4 Ba7+ 62. Ke4 Kc5 63. Kd3 Bb7 64. g5 Ba6 65. Ne3 Kd6 66. Ke4 Bxe3 67. Kxe3 Bxc4 68. g6 Ke7 1/2-1/2

[Event "*** Titled Tuesday 3|2 Blitz"]
[Site "Chess.com"]
[Date "2016.09.06"]
[Round "5"]
[White "Lapitch"]
[Black "Tesla37"]
[Result "0-1"]
[WhiteElo "2537"]
[BlackElo "2602"]
[TimeControl "180+2"]
[EndTime "12:05:09 PDT"]
[Termination "Tesla37 won by resignation"]

1. Nf3 Nf6 2. c4 e6 3. g3 d5 4. Bg2 Be7 5. O-O O-O 6. b3 d4 7. e3 c5 8. exd4 cxd4 9. Bb2 Nc6 10. Re1 Ne8 11. d3 f6 12. a3 a5 13. Nbd2 e5 14.
Qc2 Be6 15. Nh4 Qd7 16. f4 Nd6 17. fxe5 fxe5 18. Nhf3 Bf6 19. c5 Nf5 20. Nc4 Rae8 21. Bc1 Kh8 22. Bd2 Qc7 23. b4 axb4 24. axb4 Bd5 25.
Nb6 Bxf3 26. Bxf3 Ne3 27. Nd5 Qf7 28. Nxe3 dxe3 29. Bxe3 e4 30. Bxe4 Bxa1 31. Rxa1 Nxb4 32. Qd2 Nc6 33. Rb1 Ne5 34. Bf4 Ng6 35. Bd6 Rg8 36.
Rxb7 Qf6 37. Qf2 Qa1+ 38. Kg2 Qa6 39. Rb6 Qa1 40. Bxg6 hxg6 41. Qf4 Re2+ 42. Kh3 Rge8 43. d4 R2e4 44. Qf3 Qxd4 45. Rb8 Rxb8 46. Bxb8 Qd7+ 47. Kg2 Qe6 48. Bd6 Re2+ 49. Kf1 Rxh2 50. Bf4 Kh7 51. c6 Qc4+ 52. Kg1 Rb2 53. c7 Rb1+ 54. Kg2 Rb2+ 55. Kg1 Ra2 56. Qh1+ Kg8 57. Qf3 Qc5+ 58. Kh1 Ra1+ 59.
Kh2 Ra2+ 60. Kh1 Rc2 61. Qa8+ Kh7 62. Qf3 Qh5+ 63. Qxh5+ gxh5 64. Kg1 Kg6 65. Kf1 Kf5 66. Ke1 g5 67. Kd1 Rc6 0-1

[Event "*** Titled Tuesday 3|2 Blitz"]
[Site "Chess.com"]
[Date "2016.09.06"]
[Round "5"]
[White "Haykos"]
[Black "petrpalachev"]
[Result "1/2-1/2"]
[WhiteElo "2250"]
[BlackElo "2411"]
[TimeControl "180+2"]
[EndTime "12:05:17 PDT"]
[Termination "Game drawn - insufficient material"]

1. e4 e6 2. d4 d5 3. Nd2 Nf6 4. Bd3 c5 5. dxc5 dxe4 6. Nxe4 Nxe4 7. Bxe4 Qxd1+ 8. Kxd1 Bxc5 9. f4 Ke7 10. Nf3 Nd7 11.
Ke2 Nf6 12. Bd3 b6 13. a3 a5 14.
Rd1 Bb7 15. g3 Rhd8 16. Be3 Bxf3+ 17. Kxf3 Bxe3 18. Kxe3 Ng4+ 19. Kd2 Nxh2 20. Rh1 Ng4 21. Rxh7 Kf6 22. Re1 Nf2 23. Rh5 Nxd3 24. cxd3 Rd6 25. Rb5 Rad8 26. Re3 Rc6 27. Rb3 Rd5 28. Rc3 Rcd6 29.
Ke2 g5 30. Rc4 Rd4 31. Rxd4 Rxd4 32. fxg5+ Kxg5 33. Rf3 f5 34. Re3 Kf6 35. Kd2 e5 36.
Kc3 b5 37. b4 axb4+ 38. axb4 Rg4 39. Rf3 Ke6 40. Re3 Kd5 41. Rf3 f4 42. gxf4 exf4 43. Rf1 Ke5 44. Re1+ Kf5 45. Kd4 Rg5 46. Rf1 Rh5 47.
Rf2 Rh8 48. Kc5 Rb8 49. d4 Ke4 50. d5 Ke3 51. Rf1 f3 52. d6 f2 53. d7 Ke2 54.
Rh1 f1=Q 55. Rxf1 Kxf1 56. d8=Q Rxd8 57. Kxb5 Ke2 58. Kc6 Rc8+ 59. Kb7 Rh8 60. b5 Kd3 61. b6 Kc4 62. Ka7 Kb5 63. b7 Rh7 64. Ka8 Rxb7 65.
Kxb7 1/2-1/2

[Event "*** Titled Tuesday 3|2 Blitz"]
[Site "Chess.com"]
[Date "2016.09.06"]
[Round "5"]
[White "jb2mix"]
[Black "macko06"]
[Result "1-0"]
[WhiteElo "2410"]
[BlackElo "2178"]
[TimeControl "180+2"]
[EndTime "12:05:17 PDT"]
[Termination "jb2mix won on time"]

1. e4 e6 2. d4 d5 3. Nd2 c5 4.
exd5 Qxd5 5. Ngf3 cxd4 6. Bc4 Qd6 7. O-O Nc6 8. Nb3 Nf6 9. Nbxd4 Nxd4 10. Nxd4 a6 11. Re1 Qc7 12. Qe2 Bd7 13. Bg5 O-O-O 14. Rad1 Bc5 15. Rd3 Bxd4 16. Rxd4 Bc6 17. Rf4 h6 18.
Bxf6 Qxf4 19. Bxd8 Rxd8 20. Bd3 Qg5 21. f3 Qc5+ 22.
Qf2 Qxf2+ 23. Kxf2 Kc7 24. h4 a5 25. h5 b6 26. g4 Kd6 27. f4 Ke7 28. g5 Rd5 29. Rg1 Kf8 30. Ke3 Rc5 31. c4 a4 32. Kd4 Bf3 33. b4 axb3 34. axb3 hxg5 35. fxg5 Bxh5 36. b4 Rc8 37. Rh1 g6 38. Be4 Ke7 39. Ra1 Be2 40. c5 bxc5+ 41. bxc5 Rc7 42. Ra8 Bb5 43. Rh8 e5+ 44. Kxe5 Rxc5+ 45. Kf4 Rc4 46. Ke5 Bd7 47. Rb8 Rc1 48. Rb7 Re1 49. Ra7 Kd8 50. Ra8+ Ke7 51.
Ra7 Kd8 52. Kf4 Rg1 53. Bd5 Rg4+ 54. Ke5 Rxg5+ 55. Kd6 Rxd5+ 56. Kxd5 f5 57. Kd6 1-0

[Event "*** Titled Tuesday 3|2 Blitz"]
[Site "Chess.com"]
[Date "2016.09.06"]
[Round "5"]
[White "ChessWarrior7197"]
[Black "Drags95"]
[Result "1-0"]
[WhiteElo "2487"]
[BlackElo "2378"]
[TimeControl "180+2"]
[EndTime "12:05:50 PDT"]
[Termination "ChessWarrior7197 won by resignation"]

1. e4 e5 2. Nf3 Nf6 3. Nxe5 d6 4. Nf3 Nxe4 5. Bd3 Nf6 6. O-O Be7 7. c3 O-O 8. Bc2 b6 9. d4 Bb7 10. Re1 Nbd7 11.
Nbd2 Re8 12. Nf1 Bf8 13. Bg5 Rxe1 14. Nxe1 g6 15. Ne3 Bg7 16. d5 b5 17. Nf3 Nb6 18.
Nd4 Qd7 19. Bxf6 Bxf6 20. Nb3 a5 21. Be4 a4 22. Nd4 Bg5 23. Ndc2 Re8 24. Bf3 Re5 25.
Qd3 f5 26. Rd1 h5 27. g3 f4 28. Qxg6+ Qg7 29. Qxg7+ Kxg7 30. gxf4 Bxf4 31. Rd4 Bh6 32. Kf1 Bc8 33. Rb4 Bd7 34. b3 axb3 35. axb3 Kf7 36. Rh4 Kg6 37. Re4 Rxe4 38. Bxe4+ Kf6 39. Ke2 h4 40.
Bf3 Bf4 41. Nf1 Be5 42. Kd2 Bf4+ 43. Nce3 Ke5 44. Kd3 Bh3 45. c4 b4 46. Bg2 Bc8 47.
Nd2 h3 48. Bf1 Nd7 49. Nf3+ Kf6 50. Ng4+ Kg6 51. Bxh3 Nc5+ 52. Kc2 Bf5+ 53. Kb2 Nd3+ 54. Ka1 Bc1 55. Nh4+ Kg5 56. Nxf5 Kxf5 57. Kb1 Bf4 58. Kc2 Ke4 59. Nf6+ Kd4 60. Bf5 Ne1+ 61. Kd1 Nf3 62. Ng4 Kc3 63. Be4 Nd4 64. h4 Nxb3 65. h5 Nc5 66. Bf5 Nd3 67. h6 b3 68. h7 Nxf2+ 69.
Nxf2 Be5 70. Bd3 b2 71. Ke2 b1=Q 72. Bxb1 Kxc4 73. Be4 Kd4 74. Kf3 Bf6 75. Ng4 Bg7 76. Ne3 1-0

[Event "*** Titled Tuesday 3|2 Blitz"]
[Site "Chess.com"]
[Date "2016.09.06"]
[Round "5"]
[White "igorkovalenko"]
[Black "FairChess_on_YouTube"]
[Result "1/2-1/2"]
[WhiteElo "2608"]
[BlackElo "2689"]
[TimeControl "180+2"]
[EndTime "12:06:00 PDT"]
[Termination "Game drawn - insufficient material"]

1. e4 e5 2. Bc4 Nc6 3. Nf3 Bc5 4.
d3 Nf6 5. c3 O-O 6. a4 a6 7.
O-O d6 8. Na3 Ba7 9. Nc2 Be6 10. b3 d5 11. exd5 Bxd5 12. Bg5 Bxc4 13. dxc4 Qxd1 14. Raxd1 Ne4 15. Rd7 f6 16. Be3 Rf7 17.
Rfd1 Bxe3 18. Nxe3 Nc5 19. Rxf7 Kxf7 20. b4 Ne6 21. a5 Rd8 22. Nd5 Ne7 23. Rd2 c6 24. Ne3 Rxd2 25. Nxd2 f5 26. Kf1 c5 27. Nb3 g6 28. g3 Nc6 29. Nd5 e4 30. Ke2 Ne5 31. bxc5 Nxc4 32. c6 bxc6 33. Nb4 Nc7 34. Nxc6 Ke6 35.
Nb4 Kd6 36. f3 exf3+ 37. Kxf3 g5 38. Nd4 Nxa5 39. Nxf5+ Ke5 40. Kg4 Nc4 41. Kxg5 Ne6+ 42. Kg4 a5 43. Nd3+ Ke4 44. Nf2+ Ke5 45. Nd3+ Ke4 46.
Nf2+ Kd5 47. Ne7+ Kd6 48. Nf5+ Kc6 49. Ne7+ Kb5 50. Nd3 Nc5 51. Nc1 a4 52. Nf5 a3 53.
Nd4+ Ka4 54. Nc2 Ne4 55. Nxa3 Kxa3 56. Ne2 Kb3 57. Kh5 Ne5 58. Kh6 Nf6 59. h3 Kc2 60. Kg7 Ned7 61. g4 Kd3 62. g5 Ne8+ 63. Kf7 Nc7 64. Ng3 Ke3 65. h4 Kf4 66. Ne2+ Kg4 67.
Kg7 Kxh4 68. Kxh7 Kxg5 69. Kg7 Ne5 70. c4 Ne6+ 71. Kg8 Kg6 72. c5 Nd7 73. Nf4+ Nxf4 74. c6 Nb6 75. c7 Ne6 76. c8=Q Nxc8 77. Kh8 1/2-1/2

[Event "*** Titled Tuesday 3|2 Blitz"]
[Site "Chess.com"]
[Date "2016.09.06"]
[Round "5"]
[White "ZapataCharlesS"]
[Black "Rsnr"]
[Result "0-1"]
[WhiteElo "2583"]
[BlackElo "2521"]
[TimeControl "180+2"]
[EndTime "12:06:42 PDT"]
[Termination "Rsnr won by resignation"]

1. e4 c6 2. d4 d5 3. e5 Bf5 4. h4 Qc7 5. Ne2 h6 6. Ng3 Bd7 7. Bd3 e6 8. O-O c5 9. c3 Nc6 10. Be3 cxd4 11. cxd4 Nb4 12. Nc3 Nxd3 13. Qxd3 a6 14.
Rac1 Qd8 15. h5 Ne7 16. f4 g6 17.
hxg6 fxg6 18. f5 exf5 19. Rce1 Be6 20. Nce2 Qd7 21. Nf4 O-O-O 22. Rc1+ Kb8 23. b4 g5 24. Nxe6 Qxe6 25. Nxf5 Nxf5 26. Qxf5 Qxf5 27. Rxf5 Bxb4 28. Rf6 Be7 29. Rf7 Rde8 30. Rcf1 Kc8 31. g4 Kd8 32. Rg7 Reg8 33. Rff7 Rxg7 34. Rxg7 Rf8 35. Kg2 Rh8 36.
Rg6 Rh7 37. Kf3 Kd7 38. a4 b5 39. a5 b4 40. Rxa6 Rh8 41. Rb6 Ra8 42. a6 b3 43.
Rxb3 Rxa6 44. Rb8 Ke6 45. Rh8 Kf7 46. Rc8 Ke6 47. Rb8 Kf7 48. Rb7 Ke6 49. Rb5 Rc6 50. Ke2 Ra6 51. Rb8 Kf7 52. Bc1 Ke6 53. Kd3 Rc6 54.
Bb2 Kf7 55. Rb5 Ke6 56. Rb7 Ra6 57. Rb5 Rc6 58. Bc3 Ra6 59. Bd2 Ra3+ 60. Ke2 Ra6 61. Kd3 Ra3+ 62. Ke2 Ra6 63. Ba5 Rc6 64. Kd3 Ra6 65.
Bc3 Rc6 66. Ra5 Rb6 67. Ra8 Kf7 68. Ra7 Ke6 69. Rc7 Ra6 70. Rc8 Rb6 71. Rh8 Kf7 72.
Rh7+ Kf8 73. Ba5 Re6 74. Bc7 Kg8 75. Rxe7 Rxe7 76. Bd6 Ra7 77. Kc3 Kf7 78. Bc5 Ra6 79.
Kb4 Ke6 80. Bf8 Kf7 81. Bc5 h5 82. gxh5 g4 83. Bd6 Ke6 84. h6 g3 85. Bf8 Ra8 86. Bg7 g2 87. h7 g1=Q 88. h8=Q Qxd4+ 89. Kb5 Qc4+ 0-1